 Seeded DCSS version 0.28-a0-1199-gef9e1dbd39 (webtiles) character file.

Game seed: 20211219 (custom seed)

14851 a11behringer the Fencer (level 11, -3/100 HPs)
             Began as a Minotaur Berserker on Dec 20, 2021.
             Was a High Priest of Trog.
             Slain by Erolcha (16 damage)
             ... on level 11 of the Dungeon.
             The game lasted 00:41:41 (13123 turns).

a11behringer the Fencer (Minotaur Berserker)       Turns: 13123, Time: 00:41:41

Health: -3/100     AC: 20    Str: 25    XL:     11   Next: 94%
Magic:  10/10      EV:  9    Int:  4    God:    Trog [*****.]
Gold:   535        SH:  0    Dex: 11    Spells: 10/10 levels left

rFire   . . .      SeeInvis .   Q - +2 great sword (vorpal)
rCold   + . .      Faith    .   (shield currently unavailable)
rNeg    . . .      Spirit   .   n - +0 plate armour
rPois   .          Reflect  .   (helmet restricted)
rElec   .          Harm     .   C - +0 cloak
rCorr   .          Rampage  .   (no gloves)
Will    ++...                   x - +2 pair of boots
Stlth   ..........              (no amulet)
HPRegen 1.00/turn               P - ring of protection from cold
MPRegen 0.12/turn               (no ring)

@: strong-willed (expiring), on berserk cooldown, sick, regenerating (expiring),
slowed, very slow
A: horns 2, retaliatory headbutt
a: Renounce Religion, Berserk, Trog's Hand, Brothers in Arms


You were on level 11 of the Dungeon.
You worshipped Trog.
Trog was extremely pleased with you.
You visited 1 branch of the dungeon, and saw 11 of its levels.
You visited the Abyss 1 time.
You also visited: Sewer and Ossuary.

You collected 605 gold pieces.
You spent 70 gold pieces at shops.

Inventory:

Hand Weapons
 a - a +0 shortbow
 d - the +7 short sword of Ignis's Delight {vamp, rC+++ Will+++ Str-5 Dex-3}
   (You found it on level 1 of the Dungeon)

   It occasionally heals its wielder for a portion of the damage dealt when it
   wounds a living foe.
   Str:       It affects your strength (-5).
   Dex:       It affects your dexterity (-3).
   rC:        It renders you almost immune to cold.
   Will:      It greatly increases your willpower.
 j - a +1 long sword
 y - a +2 dagger of venom
 E - a -1 triple sword
 H - a +2 long sword of holy wrath
 J - a +3 scimitar
 Q - a +2 vorpal great sword (weapon)
Missiles
 f - 272 arrows
 l - 67 bolts
 F - a throwing net (quivered)
Armour
 b - a scarf of harm
 n - a +0 plate armour (worn)
 o - a +0 buckler
 x - a +2 pair of boots (worn)
 z - a +0 chain mail
 C - a +0 cloak (worn)
 R - a +0 troll leather armour
Jewellery
 P - a ring of protection from cold (left hand)
Wands
 A - a wand of flame (43)
 G - a wand of mindburst (11)
 K - a wand of digging (4)
 L - a wand of iceblast (8)
Scrolls
 g - a scroll of enchant weapon
 h - 2 scrolls of fog
 i - 3 scrolls of identify
 u - 2 scrolls of teleportation
 B - a scroll of holy word
 I - a scroll of magic mapping
 M - a scroll of fear
Potions
 c - 3 potions of cancellation
 e - 5 potions of curing
 k - 4 potions of ambrosia
 m - a potion of berserk rage {unknown}
 p - 2 potions of lignification
 q - 3 potions of flight
 r - 2 potions of invisibility
 s - 5 potions of heal wounds
 t - a potion of magic
 v - 5 potions of mutation
 w - a potion of attraction {unknown}
 D - a potion of degeneration
 N - a potion of might {unknown}
 O - 2 potions of haste {unknown}


   Skills:
 + Level 10.3 Fighting
 * Level 17.0 Long Blades
 + Level 12.1 Armour
 + Level 4.8 Dodging


You had 10 spell levels left.
You didn't know any spells.
Your spell library was empty.

Dungeon Overview and Level Annotations

Branches:
Dungeon (11/15)            Temple (0/1) D:7            Lair (0/6) D:10
    Orc (0/2) D:10          Sewer (visited)         Ossuary (visited)

Altars:
Uskayaw
Vehumet

Shops:
D:6 *   D:9 *=   D:11 !

Annotations:
D:11 Erolcha


Innate Abilities, Weirdness & Mutations

You have a pair of horns on your head.
You reflexively headbutt those who attack you in melee.


Message History

A red film seems to cover your vision as you go berserk!
You feel yourself moving faster!
You feel mighty!
Tentacles burst from the starspawn's body! 2 starspawn tentacles come into view.
You feel a strong urge to attack something.
You slice the tentacled starspawn!!
The tentacled starspawn is moderately damaged.
The starspawn tentacle grabs you. The starspawn tentacle constricts you.
The tentacled starspawn bites you!!
* * * LOW HITPOINT WARNING * * *
The tentacled starspawn tentacle-slaps you!
* * * LOW HITPOINT WARNING * * *
You are too berserk!
You slice the tentacled starspawn!!
The starspawn tentacle loses its grip on you.
Your headbutt misses the tentacled starspawn.
The tentacled starspawn is severely damaged.
You slice the tentacled starspawn!! You headbutt the tentacled starspawn.
You destroy the tentacled starspawn!
Trog accepts your kill.
The starspawn's tentacles wither and die.
You feel your dexterity returning.
Your Long Blades skill increases to level 17!
Your Armour skill increases to level 12!
The substance of the Abyss twists violently, and a gateway leading out appears!
There is a gateway leading out of the Abyss here.
You feel a strong urge to attack something.
You pass through the gate.
Welcome back to the Dungeon!
Level annotation: Erolcha Erolcha casts a spell at you.
The fireball explodes!
The fireball engulfs you.
* * * LOW HITPOINT WARNING * * *
You feel your anger nearly subside.
You are no longer berserk.
You are exhausted.
You feel yourself slow down.
You closely miss Erolcha.
You feel the effects of Trog's Hand fading.
Erolcha hits you with a +0 giant club!
You die...

#.#
#####.#
#.....#
#.#####
#.# #.#
#.# #O#
#@#######
#.......#
#######.#


You could see Erolcha.

Vanquished Creatures
  2 tentacled starspawn (Abyss:1)
  A two-headed ogre (D:11)
  An ugly thing (D:11)
  A kobold demonologist (D:11)
  A komodo dragon (D:10)
  Maggie (D:8)
  An ancient zyme (Abyss:1)
  2 trolls (D:11)
  3 wraiths
  2 vampires
  2 wyverns
  Sigmund (D:2)
  2 shadows (D:10)
  17 yaks
  4 starcursed masses (Abyss:1)
  A basilisk (D:11)
  A two-headed ogre zombie (D:10)
  A spatial vortex (Abyss:1)
  Edmund (D:5)
  2 wargs (D:10)
  4 water moccasins
  5 orc warriors
  2 ice beasts
  A necrophage (D:5)
  3 ogres
  6 centaurs
  2 phantoms
  4 kobold brigands
  A gnoll sergeant (D:6)
  A bullfrog (D:8)
  A small abomination (Abyss:1)
  A water moccasin skeleton (D:4)
  A troll zombie (D:10)
  6 killer bees (D:10)
  4 wights (D:8)
  5 electric eels (D:9)
  3 howler monkeys (D:9)
  6 centaur zombies
  A quasit (Abyss:1)
  4 hounds
  2 jellies
  7 orc priests
  Crazy Yiuf (D:5)
  A gnoll shaman (D:6)
  11 orc wizards
  A killer bee zombie (D:5)
  6 ogre zombies (D:10)
  2 mummies
  A howler monkey zombie (D:7)
  A howler monkey skeleton (D:5)
  9 gnolls
  7 adders
  2 shadow imps
  2 white imps
  An adder skeleton (D:4)
  A worm (D:2)
  4 dart slugs
  46 orcs
  11 ball pythons
  4 bats
  8 endoplasms
  2 giant cockroaches (D:3)
  3 goblins (D:1)
  11 hobgoblins
  4 jackals
  5 quokkas
  9 frilled lizards
  5 gnoll skeletons (Ossuary)
  4 goblin zombies (D:10)
  2 hobgoblin zombies (D:10)
  28 kobolds
  4 kobold skeletons (Ossuary)
  21 orc skeletons
  14 orc zombies (D:10)
  2 rats
350 creatures vanquished.

Vanquished Creatures (others)
  13 plants
  12 starspawn tentacles (Abyss:1)
25 creatures vanquished.

Grand Total: 375 creatures vanquished

Notes
Turn   | Place    | Note
-------+----------+-------------------------------------------
     0 | D:1      | a11behringer the Minotaur Berserker began the quest for the
                  | Orb.
     0 | D:1      | Reached XP level 1. HP: 19/19 MP: 0/0
   178 | D:1      | Found a faded altar of an unknown god.
   246 | D:1      | Reached skill level 4 in Long Blades
   260 | D:1      | Identified the +7 short sword of Ignis's Delight {vamp,
                  | rC+++ Will+++ Str-5 Dex-3}
   299 | D:1      | Reached XP level 2. HP: 27/27 MP: 1/1
   575 | D:1      | Reached XP level 3. HP: 31/33 MP: 2/2
   831 | D:2      | Reached ** piety under Trog
   977 | D:2      | Noticed Sigmund
   983 | D:2      | Reached skill level 5 in Long Blades
   986 | D:2      | Killed Sigmund
   987 | D:2      | Reached skill level 6 in Long Blades
   987 | D:2      | Reached XP level 4. HP: 41/41 MP: 3/3
   987 | D:2      | Reached XP level 5. HP: 47/47 MP: 4/4
  1705 | D:3      | Found a hide-covered altar of Uskayaw.
  1806 | D:3      | Found a glowing drain.
  1828 | Sewer    | Entered a sewer
  2308 | Sewer    | Reached *** piety under Trog
  2786 | D:3      | Reached XP level 6. HP: 55/55 MP: 5/5
  3229 | D:4      | Reached skill level 7 in Long Blades
  3268 | D:4      | Reached skill level 5 in Fighting
  3509 | D:4      | Reached XP level 7. HP: 29/61 MP: 6/6
  3546 | D:4      | Found a sand-covered staircase.
  3557 | Ossuary  | Entered an ossuary
  3557 | Ossuary  | Noticed a wraith
  3557 | Ossuary  | Noticed a wraith
  3557 | Ossuary  | Noticed a wraith
  3696 | Ossuary  | Reached skill level 8 in Long Blades
  3761 | Ossuary  | Noticed a wraith
  3821 | Ossuary  | Killed a wraith
  3852 | Ossuary  | Reached **** piety under Trog
  4254 | D:5      | Entered Level 5 of the Dungeon
  4324 | D:5      | Reached skill level 9 in Long Blades
  4529 | D:5      | Reached XP level 8. HP: 59/69 MP: 7/7
  4871 | D:5      | Found a runed translucent door.
  4872 | D:5      | Noticed Crazy Yiuf
  4877 | D:5      | Killed Crazy Yiuf
  4968 | D:5      | Noticed Edmund
  4998 | D:5      | Killed Edmund
  4999 | D:5      | Reached skill level 10 in Long Blades
  4999 | D:5      | Reached skill level 5 in Armour
  5837 | D:6      | Reached skill level 11 in Long Blades
  6069 | D:6      | Found Opoun's Lightly-Used Armoury.
  6155 | D:6      | Reached XP level 9. HP: 60/75 MP: 8/8
  6274 | D:6      | Reached skill level 12 in Long Blades
  6319 | D:6      | Reached skill level 13 in Long Blades
  6986 | D:6      | Bought a -1 triple sword for 70 gold pieces
  7441 | D:7      | Found a staircase to the Ecumenical Temple.
  8047 | D:8      | Noticed Maggie
  8058 | D:8      | Killed Maggie
  8059 | D:8      | Reached skill level 14 in Long Blades
  8059 | D:8      | Reached XP level 10. HP: 86/86 MP: 9/9
  8366 | D:8      | Identified the +1 scale mail of Ykhlif {rElec Dex+3}
  9068 | D:10     | Entered Level 10 of the Dungeon
  9476 | D:9      | Found Popsuag's Jewellery Shop.
  9548 | D:10     | Found a staircase to the Orcish Mines.
  9612 | D:10     | Reached ***** piety under Trog
  9613 | D:10     | Reached skill level 15 in Long Blades
  9929 | D:10     | Found a staircase to the Lair.
  9972 | D:10     | Reached skill level 10 in Armour
 10057 | D:10     | Reached XP level 11. HP: 82/97 MP: 10/10
 10428 | D:9      | Found Degel's Fire Supplies.
 12103 | D:11     | Found a radiant altar of Vehumet.
 12177 | D:11     | Noticed a green ugly thing
 12186 | D:11     | Killed a green ugly thing
 12366 | D:11     | Reached skill level 16 in Long Blades
 12496 | D:11     | Received a gift from Trog
 12546 | D:11     | Noticed a two-headed ogre
 12552 | D:11     | Killed a two-headed ogre
 12697 | D:11     | Found Rost's Distillery.
 12765 | D:11     | Noticed Erolcha
 12769 | D:11     | Cast into level 1 of the Abyss (Erolcha)
 12888 | Abyss:1  | Noticed a tentacled starspawn
 12900 | Abyss:1  | Noticed a spatial maelstrom
 12920 | Abyss:1  | Killed a tentacled starspawn
 12921 | Abyss:1  | Reached skill level 10 in Fighting
 12930 | Abyss:1  | Noticed a starcursed mass
 13005 | Abyss:1  | Noticed a starcursed mass
 13008 | Abyss:1  | Killed a starcursed mass
 13012 | Abyss:1  | Killed a starcursed mass
 13018 | Abyss:1  | Killed a starcursed mass
 13113 | Abyss:1  | Noticed a tentacled starspawn
 13118 | Abyss:1  | Killed a tentacled starspawn
 13119 | Abyss:1  | Reached skill level 17 in Long Blades
 13121 | D:11     | Escaped the Abyss
 13123 | D:11     | Slain by Erolcha

Illustrated notes

Levels and vault maps discovered:
D:1:      tarquinn_simple_flora_water_f, layout_basic,
          hellmonk_ecumenical_altar_lost_god
D:2:      layout_loops_ring, kennysheep_generic_room_16, uniq_sigmund
D:3:      layout_basic, mainiacjoe_overflow_alcove_1, gup_sewer_entry_pipe
D:4:      layout_basic, gup_ossuary_entry_pyramid
D:5:      minmay_angry_zag, layout_basic, uniq_crazy_yiuf_cottage, uniq_edmund
D:6:      layout_basic, minmay_shop_damaged
D:7:      layout_gridville, temple_doors_cd
D:8:      layout_basic, uniq_maggie
D:9:      layout_basic, chequers_big_river, nicolae_shop_fire_sale
          [nicolae_sub_dead_trees], nicolae_take_the_stairs,
          kennysheep_generic_room_8
D:10:     layout_basic, erik_lair_orcish_takeover, zombieorc2_lemuel,
          fountainhead, nzn_life_drinkers
D:11:     minmay_polygon_palace, layout_loops_ring, serial_shops,
          nicolae_lakefront_shop, vehumet_altar_wand_db, uniq_harold,
          uniq_erolcha

Skill      XL: |  1  2  3  4  5  6  7  8  9 10 11 |
---------------+----------------------------------+-----
Long Blades    | 4 6 7 9 11 14 15 17 | 17.0
Fighting       | 4 5 6 7 9 10 | 10.3
Armour         | 3 4 6 7 10 12 | 12.1
Dodging        | 3 4 |  4.8

Action                   |  1- 3 |  4- 6 |  7- 9 | 10-12 || total
-------------------------+-------+-------+-------+-------++-------
Melee: Falchion          |    62 |   144 |   124 |       ||   330
       Headbutt          |    11 |    26 |    67 |   100 ||   204
       Long sword        |       |       |   222 |   353 ||   575
       Scimitar          |       |       |       |     2 ||     2
       Great sword       |       |       |       |    45 ||    45
Invok: Berserk           |     1 |     2 |     8 |     6 ||    17
       Trog's Hand       |     1 |     2 |     7 |     4 ||    14
  Use: Scroll            |       |     8 |    10 |     5 ||    23
Armor: Animal skin       |     6 |       |       |       ||     6
       Leather armour    |    12 |    13 |       |       ||    25
       Ring mail         |       |    37 |    23 |       ||    60
       Chain mail        |       |       |   111 |       ||   111
       Plate armour      |       |       |     7 |   197 ||   204
Dodge: Dodged            |    41 |    91 |   122 |   147 ||   401

Table legend: (Time is in decaauts)
 A = Elapsed time spent in this place.
 B = Non-inter-level travel time spent in this place.
 C = Inter-level travel time spent in this place.
 D = Time resting spent in this place.
 E = Time spent auto-exploring this place.
 F = Levels seen in this place.
 G = Mean time per level.
                   A        B        C        D        E       F      G
               +--------+--------+--------+--------+--------+-----+--------+
         Total |  13278 |  11907 |   1371 |    951 |   8455 |  14 |  948.4 |
       Dungeon |  11705 |  10334 |   1371 |    951 |   7700 |  11 | 1064.1 |
         Abyss |    363 |    363 |      0 |      0 |      0 |   1 |  363.0 |
         Sewer |    843 |    843 |      0 |      0 |    610 |   1 |  843.0 |
       Ossuary |    365 |    365 |      0 |      0 |    144 |   1 |  365.0 |
               +--------+--------+--------+--------+--------+-----+--------+

Top non-repeatable levels by time:
    D:10: 1770 daAuts
     D:9: 1548 daAuts
     D:5: 1413 daAuts
     D:6: 1332 daAuts
     D:7: 900 daAuts
   Sewer: 843 daAuts
     D:4: 843 daAuts
     D:2: 836 daAuts
     D:8: 825 daAuts
     D:1: 815 daAuts
     D:3: 752 daAuts
    D:11: 666 daAuts
 Ossuary: 365 daAuts
 Abyss:1: 363 daAuts
